 Dungeon Crawl Stone Soup version 0.21-a0-178-g0b87683 (webtiles) character file.

490 4thArraOfDagon the Slasher (level 6, 0/47 HPs)
             Began as a Mummy Warper on Aug 9, 2017.
             Was a Follower of Okawaru.
             Slain by an ogre
             ... wielding a +0 giant club
              (6 damage)
             ... on level 5 of the Dungeon.
             The game lasted 00:15:17 (3478 turns).

4thArraOfDagon the Slasher (Mummy Warper)           Turns: 3478, Time: 00:15:18

Health: 0/47       AC: 13    Str: 14      XL:     6   Next: 90%
Magic:  10/10      EV:  7    Int: 15      God:    Okawaru [*.....]
Gold:   267        SH:  0    Dex: 10 (11) Spells: 10/10 levels left

rFire    x . .     SeeInvis .   a - +0 falchion
rCold    + . .     Gourm    .   (no shield)
rNeg     + + +     Faith    .   f - +4 chain mail {rPois}
rPois    ∞         Spirit   .   (no helmet)
rElec    .         Reflect  .   u - +0 cloak
rCorr    .         Harm     .   (no gloves)
MR       .....                  (no boots)
Stlth    ..........             q - amulet of rage
HPRegen  0.15/turn              n - ring of wizardry
MPRegen  0.12/turn              s - ring of positive energy

@: no status effects
A: no food or potions, fire vulnerability, cold resistance 1, negative energy
resistance 3, torment resistance, unbreathing
a: Heroism, Renounce Religion


You were on level 5 of the Dungeon.
You worshipped Okawaru.
Okawaru was aware of your devotion.
You were not hungry.

You visited 2 branches of the dungeon, and saw 8 of its levels.

You collected 267 gold pieces.

Inventory:

Hand Weapons
 a - a +0 falchion (weapon)
Armour
 b - a +0 leather armour
 f - a +4 chain mail of poison resistance (worn)
 j - a cursed -2 leather armour
 l - a +0 scale mail
 r - a +0 ring mail of fire resistance
 u - a +0 cloak (worn)
Jewellery
 n - a ring of wizardry (left hand)
 q - an amulet of rage (around neck)
 s - a ring of positive energy (right hand)
Wands
 e - a wand of random effects (17/48)
 m - a wand of digging (13/24)
 o - a wand of flame (0/48)
 t - a wand of iceblast (0/15)
Scrolls
 d - a scroll of blinking
 g - a scroll of recharging {unknown}
 h - a scroll of fog {unknown}
 i - a scroll of fear {unknown}
 k - 2 scrolls of teleportation
 p - 2 scrolls of remove curse
 v - 2 scrolls of amnesia
Books
 c - a book of Spatial Translocations

   Spells                             Type                      Level
   a - Blink                          Translocation                2
   b - Shroud of Golubria             Charms/Translocation         2
   c - Lesser Beckoning               Translocation                3
   d - Gell's Gravitas                Translocation                3
   e - Teleport Other                 Translocation                3
   f - Passage of Golubria            Translocation                4


   Skills:
 + Level 3.3 Fighting
 * Level 3.8 Long Blades
 - Level 1.4 Throwing
 + Level 2.3 Armour
 + Level 2.9 Dodging
 - Level 2.6 Spellcasting
   Level 2.4 Translocations
 + Level 2.0 Invocations


You had 10 spell levels left.
You didn't know any spells.

Dungeon Overview and Level Annotations

Branches:
Dungeon (7/15)             Temple (1/1) D:5

Altars:
Ashenzari
Cheibriados
Fedhas
Nemelex Xobeh
Okawaru
Qazlal
Sif Muna
Trog

Annotations:
D:3 exclusion: door
D:4 Eustachio


Innate Abilities, Weirdness & Mutations

You do not eat or drink.
Your flesh is vulnerable to fire.
You are immune to poison.
Your flesh is cold resistant. (rC+)
You are immune to negative energy. (rN+++)
You are immune to unholy pain and torment.
You can survive without breathing.


Message History

The sky beast hits you but does no damage.
As you read the scroll of teleportation, it crumbles to dust.
You feel strangely unstable.
The sky beast flickers out of sight!
Deactivating autopickup; reactivate with Ctrl-A.
Something hits you. Something shocks you.
* * * LOW HITPOINT WARNING * * *
Unknown command.
A sky beast appears from thin air!
Reactivating autopickup.
The sky beast hits you.
* * * LOW HITPOINT WARNING * * *
The sky beast shocks you.
* * * LOW HITPOINT WARNING * * *
Unknown command.
Unknown command.
Your surroundings suddenly seem different.
An ogre comes into view. It is wielding a giant club.
The ogre shouts!
The ogre hits you with a giant club.
You die...

...####.##### #.##....# *,**,*..
...# #.## #.##....# *,**,**#
...####..#######.##....###.#*,,..
............))..............*,,..
########..######.##....#####*,*##
##<###+#### #.###'### *,*
#.........###.# #.# *,*
#...........O.###.# *****,*
#...####.####@....# *,,,*,*
####...##.....##.##### *,,,*,*
.......#.......#..#******,,,*,*
######.#.......#....,,,,,,,,+,*
.# #....†._..........,,,,,,*****
.####..#.......#........,,,,,,,,,
.......#.......#........,,,,****,
######.##.....##........,,,,* *,
#.####.####........,,,,* *,


You could see an ogre.

Vanquished Creatures
  A scorpion (D:4)
  A hound (D:3)
  3 orc priests
  An orc wizard (D:5)
  Jessica (D:2)
  Terence (D:2)
  Ijyb (D:4)
  2 iguanas (D:4)
  A worker ant (D:4)
  3 gnolls (D:5)
  2 adders
  2 oozes
  2 adder skeletons
  2 leopard geckos
  9 orcs
  5 giant cockroaches
  11 goblins
  6 hobgoblins
  4 jackals (D:2)
  A quokka (D:2)
  9 bats
  3 frilled lizards (D:2)
  7 kobolds
  10 rats
88 creatures vanquished.

Notes
Turn   | Place    | Note
-------+----------+-------------------------------------------
     0 | D:1      | 4thArraOfDagon the Mummy Warper began the quest for the Orb.
     0 | D:1      | Reached XP level 1. HP: 16/16 MP: 4/4
    85 | D:2      | Noticed Terence
   128 | D:2      | Reached skill level 1 in Throwing
   154 | D:2      | Found a blossoming altar of Fedhas.
   212 | D:3      | Found a sparkling altar of Nemelex Xobeh.
   236 | D:3      | Reached XP level 2. HP: 19/22 MP: 5/5
   312 | D:3      | Found a deep blue altar of Sif Muna.
   488 | D:4      | Noticed Eustachio
   499 | D:5      | Entered Level 5 of the Dungeon
   505 | D:5      | Noticed a sky beast
   506 | D:5      | Found a staircase to the Ecumenical Temple.
   512 | Temple   | Entered the Ecumenical Temple
   545 | Temple   | Became a worshipper of Warmaster Okawaru
   599 | D:5      | Reached skill level 1 in Armour
   676 | D:6      | Noticed a water moccasin
   682 | D:6      | Reached XP level 3. HP: 27/27 MP: 7/7
   865 | D:4      | HP: 1/27 [leopard gecko (4)]
  1072 | D:5      | Noticed a phantom
  1133 | D:3      | Found a bloodstained altar of Trog.
  1145 | D:3      | Reached XP level 4. HP: 26/34 MP: 8/8
  1245 | D:2      | Noticed Jessica
  1253 | D:2      | Killed Jessica
  1296 | D:2      | Killed Terence
  1296 | D:2      | Reached skill level 1 in Invocations
  1296 | D:2      | Reached XP level 5. HP: 18/39 MP: 9/9
  2523 | D:4      | Reached * piety under Okawaru
  2831 | D:4      | Reached XP level 6. HP: 46/46 MP: 7/10
  3042 | D:4      | Noticed Ijyb
  3096 | D:4      | Killed Ijyb
  3249 | D:5      | Found a deep blue altar of Sif Muna.
  3478 | D:5      | Slain by an ogre

Vault maps used:
D:1:      dpeg_arrival_water_temple_mockup
D:2:      fedhas_altar_3, uniq_terence, uniq_jessica
D:3:      overflow_temple_1_default, nemelex_xobeh_ov_fountains_minmay,
          led_sif_book
D:4:      first_bread, grunt_ministairs_5, uniq_eustachio,
          uniq_crazy_yiuf_cottage, uniq_ijyb
D:5:      old_standard_altar, temple_fountains, minmay_misc_feat_five
D:7:      uniq_duvessa
Temple:   dpeg_five_rooms_temple

Skill      XL: |  1  2  3  4  5  6 |
---------------+-------------------+-----
Throwing       | 1 |  1.4
Long Blades    | 2 3 |  3.8
Armour         | 1 2 |  2.3
Dodging        | 2 |  2.9
Invocations    | 1 2 |  2.0
Fighting       | 3 |  3.3
Spellcasting   | |  2.6
Translocations | |  2.4

Action                   |  1- 3 |  4- 6 || total
-------------------------+-------+-------++-------
Melee: Falchion          |    81 |   276 ||   357
       Punch             |       |     1 ||     1
Throw: Tomahawk          |    12 |    15 ||    27
Invok: Heroism           |       |     3 ||     3
Evoke: Wand              |       |    18 ||    18
  Use: Scroll            |     4 |     5 ||     9
Armor: Leather armour    |     9 |       ||     9
       Scale mail        |    30 |    84 ||   114
       Ring mail         |       |    42 ||    42
       Chain mail        |       |    36 ||    36
Dodge: Dodged            |    57 |   198 ||   255
       Rpst.: Falchion   |    24 |    52 ||    76
